Map: Ruins of Seras

Players

RepMeaSt (Semper)

  • Race: Terran Terran
  • League: Master

BIGBOY (Patience) - Winner!

  • Race: Protoss Protoss
  • League: Master

Event: Team Gravity's Fight Night #36

VOD

https://youtu.be/0fvoiOR0kIU?t=38m22s

Description

Time

  • Played on: Oct. 25, 2015, 7:20 p.m.
  • Length: 8:56

All games in this series

Show
View Real Time Build Order
Export as new Build Order

RepMeaSt Terran 

Build Orders: 1/1/1, MMM Bio, Widow Mine Drop 

Get SALT Encoding   

  12  0:00  SCV  
  13  0:13  SCV  
  14  0:18  Supply Depot  
  14  0:25  SCV  
  15  0:28  Refinery  
  15  0:40  SCV  
  16  0:45  Barracks  
  16  0:52  SCV  
  17  1:04  SCV  
  18  1:16  SCV  
  19  1:31  Orbital Command  
  19  1:32  Marine  
  19  1:33  Factory  
  19  1:37  Supply Depot  
  20  1:50  Marine  
  21  1:58  SCV  
  22  2:08  Marine  
  22  2:10  SCV  
  24  2:18  Starport  
  24  2:20  Supply Depot, Widow Mine  
  26  2:23  SCV  
  26  2:26  Marine  
  28  2:35  SCV  
  29  2:44  Marine  
  30  2:47  Supply Depot, SCV  
  31  2:54  Medivac  
  31  2:55  Hellion  
  35  2:59  SCV  
  35  3:01  Marine  
  37  3:11  SCV  
  38  3:16  Hellion  
  38  3:18  Command Center  
  40  3:23  SCV  
  40  3:26  Barracks Reactor  
  41  3:37  SCV  
  41  3:41  Refinery  
  42  3:42  Factory Tech Lab  
  42  3:52  SCV  
  41  4:04  SCV  
  41  4:05  Barracks  
  41  4:06  Marine x2  
  41  4:07  Siege Tank  
  47  4:10  Supply Depot  
  47  4:21  SCV  
  47  4:30  Marine  
  47  4:31  Marine  
  49  4:33  SCV, Starport Tech Lab  
  49  4:34  Orbital Command  
  49  4:35  Barracks  
  50  4:45  SCV  
  47  4:50  Marine x2  
  45  4:57  SCV, Engineering Bay  
  44  5:03  SCV  
  44  5:07  Marine  
  44  5:08  Marine x2  
  44  5:09  SCV  
  44  5:10  Stimpack  
  48  5:15  SCV  
  48  5:18  Starport Reactor  
  49  5:21  SCV  
  49  5:24  Missile Turret  
  49  5:25  Missile Turret, Marine  
  49  5:26  Refinery  
  49  5:27  SCV  
  52  5:29  Marine x2  
  52  5:33  SCV  
  52  5:34  Terran Infantry Weapons Level 1  
  55  5:38  Combat Shields, Marine  
  55  5:39  SCV  
  55  5:45  SCV  
  55  5:46  Marine  
  56  5:51  SCV, Missile Turret  
  56  5:52  Marine  
  56  5:53  Marine  
  56  5:56  Medivac x2  
  63  5:58  SCV  
  63  6:00  Supply Depot  
  63  6:03  Supply Depot, SCV  
  65  6:08  Factory Reactor  
  65  6:09  Marauder  
  65  6:10  SCV, Marauder  
  70  6:22  SCV, Marine x2  
  70  6:24  SCV, Missile Turret  
  74  6:26  Supply Depot  
  74  6:28  Refinery  
  74  6:30  Medivac x2  
  78  6:34  SCV  
  78  6:36  SCV  
  82  6:40  Marauder x2  
  82  6:46  SCV  
  85  6:50  Command Center  
  85  6:51  SCV  
  85  6:52  Marine  
  85  6:53  Marine  
  88  6:58  Supply Depot, SCV  
  89  7:02  Medivac x2  
  93  7:09  Concussive Shells  
  93  7:17  Barracks  
  93  7:18  Marine  
  93  7:19  Marauder, Marine, Widow Mine  
  93  7:22  Barracks  
  99  7:25  Supply Depot  
  99  7:26  SCV  
  99  7:27  Supply Depot  
  99  7:28  SCV  
  94  7:46  Bunker  
  94  7:48  Bunker  
  94  7:49  Bunker  
  94  7:51  Marine x4  
  81  7:52  Widow Mine  
  81  7:56  Widow Mine  
  77  8:08  Marine  
  77  8:09  Marauder, Marine x3  
  74  8:15  Medivac  
  55  8:26  Marine x2  
  55  8:27  Marine x2  
  55  8:30  Marine  
Show
View Real Time Build Order
Export as new Build Order

BIGBOY Protoss - Winner!

Build Orders: 1 Gate Expand, Phoenix Opening 

Get SALT Encoding   

  12  0:01  Probe (Chrono Boost)  
  13  0:11  Probe (Chrono Boost)  
  14  0:18  Pylon  
  14  0:22  Probe (Chrono Boost)  
  15  0:37  Probe (Chrono Boost)  
  15  0:38  Gateway  
  16  0:47  Probe (Chrono Boost)  
  16  0:48  Assimilator  
  17  0:58  Probe (Chrono Boost)  
  18  1:08  Probe (Chrono Boost)  
  19  1:23  Nexus  
  19  1:24  Probe (Chrono Boost)  
  20  1:34  Cybernetics Core  
  20  1:37  Probe (Chrono Boost)  
  21  1:43  Assimilator  
  21  1:47  Probe (Chrono Boost)  
  21  1:52  Pylon  
  22  1:58  Probe (Chrono Boost)  
  23  2:10  Probe (Chrono Boost)  
  23  2:13  Warp Gate  
  24  2:22  Mothership Core (Chrono Boost)  
  26  2:23  Pylon  
  26  2:31  Pylon  
  26  2:35  Probe (Chrono Boost)  
  27  2:40  Probe (Chrono Boost)  
  28  2:46  Probe (Chrono Boost)  
  28  2:47  Stargate  
  28  2:51  Probe (Chrono Boost)  
  30  2:52  Adept  
  30  2:56  Probe (Chrono Boost)  
  33  3:01  Probe (Chrono Boost)  
  34  3:07  Probe (Chrono Boost), Assimilator  
  34  3:12  Probe (Chrono Boost)  
  36  3:15  Robotics Facility  
  36  3:18  Probe (Chrono Boost)  
  37  3:22  Probe (Chrono Boost)  
  40  3:27  Adept, Pylon  
  40  3:34  Phoenix (Chrono Boost)  
  42  3:36  Probe  
  42  3:39  Probe  
  44  3:54  Phoenix (Chrono Boost)  
  44  3:57  Probe x2  
  44  4:02  Observer (Chrono Boost)  
  47  4:05  Pylon  
  47  4:12  Probe x2  
  47  4:14  Phoenix  
  50  4:24  Probe x2  
  50  4:28  Observer (Chrono Boost)  
  50  4:31  Adept  
  54  4:36  Gateway, Probe x2  
  54  4:37  Gateway  
  51  4:48  Probe x2  
  51  4:54  Phoenix  
  52  5:01  Assimilator  
  52  5:03  Adept  
  58  5:15  Immortal (Chrono Boost)  
  58  5:20  Phoenix  
  58  5:22  Twilight Council  
  58  5:27  Forge  
  60  5:31  Probe  
  60  5:34  Mothership Core  
  63  5:36  Pylon  
  63  5:47  Probe  
  63  5:48  Phoenix  
  64  5:52  Immortal (Chrono Boost)  
  64  5:55  Probe  
  71  6:00  Protoss Ground Weapons Level 1  
  71  6:05  Probe  
  71  6:07  Probe  
  71  6:09  Resonating Glaives  
  73  6:14  Gateway  
  73  6:15  Gateway  
  73  6:20  Gateway  
  73  6:21  Gateway  
  73  6:26  Probe x2  
  75  6:36  Warp Prism (Chrono Boost)  
  77  6:46  Adept  
  77  6:47  Adept x2  
  81  6:48  Phoenix  
  85  6:59  Pylon  
  85  7:01  Pylon  
  85  7:03  Pylon  
  85  7:10  Phoenix  
  86  7:19  Adept x2  
  86  7:20  Adept x3  
  96  7:27  Adept x2  
  100  7:31  Observer (Chrono Boost)  
  100  7:32  Phoenix  
  93  7:58  Adept x5  
  97  7:59  Adept x2  
  95  8:23  Adept  
  95  8:24  Adept  
  95  8:25  Adept x5  

Tags
 
Add a new tag
Caveats
  • Supply blocks, unpowered buildings, or Contaminate may cause inaccurate times.
  • Supply counts are checked every 10 seconds.